 Dungeon Crawl Stone Soup version 0.25.1-9-gc5326a611f (webtiles) character file.

Game seed: 2947199466525210720

114 stebl the Gusty (level 4, -2/24 HPs)
             Began as a Tengu Air Elementalist on Dec 23, 2020.
             Slain by a gnoll
             ... wielding a +0 halberd
              (17 damage)
             ... on level 2 of the Dungeon.
             The game lasted 00:07:31 (1440 turns).

stebl the Gusty (Tengu Air Elementalist)            Turns: 1440, Time: 00:07:32

Health: -2/24      AC:  2    Str:  8    XL:     4   Next: 97%
Magic:  2/9        EV: 12    Int: 17    God:
Gold:   87         SH:  0    Dex: 14    Spells: 5/8 levels left

rFire    . . .     SeeInvis .   (no weapon)
rCold    . . .     Gourm    .   (no shield)
rNeg     . . .     Faith    .   a - +0 robe
rPois    .         Spirit   .   (helmet restricted)
rElec    .         Reflect  .   (no cloak)
rCorr    .         Harm     .   (no gloves)
MR       .....                  (boots unavailable)
Stlth    ++........             (no amulet)
HPRegen  0.08/turn              (no ring)
MPRegen  0.11/turn              (no ring)

@: very slightly contaminated
A: beak, talons 3
a: no special abilities


You were on level 2 of the Dungeon.
You were not hungry.

You visited 1 branch of the dungeon, and saw 2 of its levels.

You collected 87 gold pieces.


Innate Abilities, Weirdness & Mutations

You have a beak for a mouth.
You have claws for feet.


   Skills:
 - Level 2.1 Dodging
 - Level 2.0 Stealth
 + Level 2.8 Spellcasting
 - Level 1.3 Conjurations
 * Level 6.6 Air Magic


You had 5 spell levels left.
You knew the following spells:

 Your Spells              Type           Power        Failure   Level  Hunger
i - Swiftness             Chrm/Air       ##......     7%          2    ##.....
z - Shock                 Conj/Air       ###.         3%          1    #......

Your spell library contained the following spells:

 Spells                   Type           Power        Failure   Level  Hunger
 Static Discharge         Conj/Air       ###.....     11%         3    ###....
 Airstrike                Air            ####......   12%         4    #####..
 Lightning Bolt           Conj/Air       ###.......   67%         5    ######.

Inventory:

Missiles
 i - 21 stones (quivered)
Armour
 a - a +0 robe (worn)
Scrolls
 b - a scroll of blinking {unknown}
 d - a scroll of enchant armour {unknown}
 g - 2 scrolls of remove curse {@r2}
Potions
 e - 2 potions of curing {@q1}
 h - a potion of berserk rage {unknown}
 j - a potion of flight {unknown}
 k - a potion of cancellation {unknown}
Comestibles
 c - 3 rations {@e1}
 f - 2 chunks of flesh

Dungeon Overview and Level Annotations

Branches:
Dungeon (2/15)

Altars:
Kikubaaqudgha

### #.# #.#......#.##
#.#######g# #.#.####.#.#
#....#....# #.#........#
#.##.#.##.# ######.#..###.###
#.##.#.##g####..)...#....#.#
#.##.#.##..g.#.....###.#.#.#
#.##.#.#...#.#...#.# #.#.#.#
#.##.#.#...#.#####)###.#.#<#
.)#....#...#.gg[@).#...#.####
..#...##############.#.#....#
.....(# #⚑# #.#.#.####
......# #.# #.###.#
......###.### #.....#
##.####≈...≈# #######
#....#≈...≈# ####.#≈...≈#
#.#≈...≈#


You could see 2 gnolls.


Message History

Casting: Shock (safe; 3% risk of failure)
Confirm with . or Enter, or press ? or * to list all spells.
Aiming: Shock (safe; 3% risk of failure)
Press: ? - help, Shift-Dir - straight line, f - gnoll
Aim: a gnoll, wielding a +0 halberd (lightly wounded)
The zap misses the gnoll.
The zap hits the gnoll but does no damage.
The gnoll hits you from afar with a +0 halberd!
Things that are here:
a +0 ring mail; a gnoll skeleton
Casting: Shock (safe; 3% risk of failure)
Confirm with . or Enter, or press ? or * to list all spells.
Aiming: Shock (safe; 3% risk of failure)
Press: ? - help, Shift-Dir - straight line, p - gnoll You miscast Shock.
You are very lightly contaminated with residual magic.
Nothing appears to happen.
The gnoll completely misses you.
Casting: Shock (safe; 3% risk of failure)
Confirm with . or Enter, or press ? or * to list all spells.
Aiming: Shock (safe; 3% risk of failure)
Press: ? - help, Shift-Dir - straight line The zap hits the gnoll but does no damage.
The gnoll is lightly wounded.
The zap hits the gnoll.
The gnoll is moderately wounded.
The zap hits the gnoll.
The gnoll is almost dead.
The gnoll hits you from afar with a +0 halberd!
Ouch! That really hurt!
You die...

Skill      XL: |  1  2  3 |
---------------+----------+-----
Air Magic      | 5 6 |  6.6
Dodging        | |  2.1
Stealth        | |  2.0
Spellcasting   | |  2.8
Conjurations   | |  1.3

Action                   |  1- 3 |  4- 6 || total
-------------------------+-------+-------++-------
 Cast: Shock             |    56 |    25 ||    81
  Use: Scroll            |       |     1 ||     1
       Potion            |       |     1 ||     1
  Eat: Chunk             |     1 |     2 ||     3
Armor: Robe              |       |     1 ||     1
Dodge: Dodged            |    15 |     4 ||    19

Levels and vault maps discovered:
D:1:      kennysheep_arrival_forest, layout_loops_cross, minmay_hedge_maze,
          minmay_misc_feat_rows
D:2:      layout_basic, lemuel_zombie_altar_kikubaaqudgha,
          gammafunk_temple_overflow_statue, kennysheep_nondescript,
          chequers_avenue

Notes
Turn   | Place    | Note
-------+----------+-------------------------------------------
     0 | D:1      | stebl the Tengu Air Elementalist began the quest for the
                  | Orb.
     0 | D:1      | Reached XP level 1. HP: 10/10 MP: 4/4
   467 | D:1      | Reached XP level 2. HP: 13/15 MP: 1/6
   580 | D:1      | Reached skill level 5 in Air Magic
   593 | D:1      | You fall into a shaft and drop 1 floor!
   644 | D:2      | Learned a level 2 spell: Swiftness
   781 | D:2      | Reached XP level 3. HP: 16/19 MP: 0/7
   949 | D:2      | Found an ancient bone altar of Kikubaaqudgha.
  1079 | D:2      | Reached skill level 6 in Air Magic
  1079 | D:2      | Reached XP level 4. HP: 9/24 MP: 0/8
  1440 | D:2      | Slain by a gnoll

Vanquished Creatures
  5 gnolls (D:2)
  4 adders (D:2)
  A dart slug (D:1)
  A leopard gecko (D:2)
  A ball python (D:1)
  2 bat zombies (D:2)
  2 giant cockroaches (D:2)
  5 goblins
  A bat (D:1)
  2 frilled lizards
  5 kobolds (D:1)
  3 rats
  2 rat zombies (D:2)
34 creatures vanquished.

Table legend:
 A = Turns spent in this place as a percentage of turns spent in the entire game.
 B = Non-inter-level travel turns spent in this place as a percentage of non-inter-level travel turns spent in the entire game.
 C = Inter-level travel turns spent in this place as a percentage of turns spent in this place.
 D = Turns resting spent in this place as a percentage of non-inter-level travel turns spent in this place.
 E = Turns spent auto-exploring this place as a percentage of non-inter-level travel turns spent in this place.
 F = Non-inter-level travel turns spent in this place divided by the number of levels of this place that you've seen.
                   A       B       C       D       E      F
               +-------+-------+-------+-------+-------+----------------------
         Total | 100.0 | 100.0 |   3.1 |  27.6 |  52.9 | 698.0
       Dungeon | 100.0 | 100.0 |   3.1 |  27.6 |  52.9 | 698.0
               +-------+-------+-------+-------+-------+----------------------

Table legend:
 A = Non-vault XP
 B = Vault XP
 C = Vault XP percentage of total XP
 D = Non-vault monster count
 E = Vault monster count
 F = Vault count percentage of total count
                 A         B        C        D         E       F
            +---------+---------+-------+---------+---------+-------
      Total |     157 |       6 |   3.7 |      30 |       4 |  11.8
            +---------+---------+-------+---------+---------+-------
        D:1 |      18 |       0 |   0.0 |      11 |       0 |   0.0
        D:2 |     139 |       6 |   4.1 |      19 |       4 |  17.4
            +---------+---------+-------+---------+---------+-------
